 Dungeon Crawl Stone Soup version 0.24.1-8-ga250c9d538 (webtiles) character file.

Game seed: 11259390844934621213, levelgen mode: deterministic

159 nightchill the Ruffian (level 5, -5/45 (46) HPs)
             Began as a Ghoul Gladiator on May 4, 2020.
             Slain by an ogre
             ... wielding a +0 giant club
              (10 damage)
             ... on level 4 of the Dungeon.
             The game lasted 00:03:44 (1648 turns).

nightchill the Ruffian (Ghoul Gladiator)            Turns: 1648, Time: 00:03:45

HP:   -5/45 (46)    AC:  7    Str: 18    XL:     5   Next: 40%
MP:   4/4           EV: 11    Int:  4    God:
Gold: 109           SH:  0    Dex: 10    Spells: 4/4 levels left

rFire    . . .     SeeInvis .     - Unarmed
rCold    + . .     Gourm    .   (no shield)
rNeg     + + +     Faith    .   o - +1 ring mail {rN+}
rPois    ∞         Spirit   .   b - +0 helmet
rElec    .         Reflect  .   (no cloak)
rCorr    .         Harm     .   (no gloves)
MR       .....                  (no boots)
Stlth    ..........             (no amulet)
HPRegen  0.00/turn              (no ring)
MPRegen  0.09/turn              (no ring)

@: rotting
A: rotting body, claws 1, carnivore, cold resistance 1, negative energy
resistance 3, inhibited regeneration, torment resistance, unbreathing
a: no special abilities


You were on level 4 of the Dungeon.
You were not hungry.

You visited 1 branch of the dungeon, and saw 3 of its levels.

You collected 109 gold pieces.

Inventory:

Missiles
 c - 3 throwing nets (quivered)
 g - 101 stones
Armour
 a - a +0 leather armour
 b - a +0 helmet (worn)
 h - a +2 shield of fire resistance
 o - a +1 ring mail of positive energy (worn)
Jewellery
 m - a +4 amulet of reflection {unknown}
 p - an uncursed ring of stealth {unknown}
Scrolls
 j - 2 scrolls of remove curse {unknown}
 k - 3 scrolls of teleportation {unknown}
 l - a scroll of immolation {unknown}
 q - a scroll of blinking {unknown}
 r - a scroll of random uselessness {unknown}
Potions
 e - a potion of agility {unknown}
 i - a potion of lignification {unknown}
 n - a potion of berserk rage {unknown}
Comestibles
 d - 6 rations
 f - 4 chunks of flesh


   Skills:
 + Level 3.8 Fighting
 - Level 1.7 Throwing
 - Level 2.6 Dodging
 * Level 5.6 Unarmed Combat


You had 4 spell levels left.
You didn't know any spells.
Your spell library was empty.

Dungeon Overview and Level Annotations

Branches:
Dungeon (2/15)

Altars:
Wu Jian


Innate Abilities, Weirdness & Mutations

Your body is rotting away.
You thrive on raw meat.
You are immune to poison.
You have sharp fingernails.
You are carnivorous and can eat meat at any time.
Your flesh is cold resistant. (rC+)
You are immune to negative energy. (rN+++)
You do not regenerate when monsters are visible.
You are immune to unholy pain and torment.
You can survive without breathing.


Message History

The ogre hits you but does no damage.
You barely miss the ogre. The ogre completely misses you.
You scratch the ogre.
The ogre is lightly wounded.
Some of the chunks of flesh in your inventory have rotted away.
You scratch the ogre but do no damage.
The ogre is lightly wounded.
The ogre hits you with a +0 giant club!!
* * * LOW HITPOINT WARNING * * *
The goblin wields a +0 hunting sling.
The goblin shoots a stone.
The stone barely misses you.
There is a stone staircase leading up here.
Throwing (i - inventory. (/) - cycle)
c - 3 throwing nets (quivered)
Press: ? - help, Shift-Dir - straight line, f - ogre
Aim: an ogre, wielding a +0 giant club (lightly wounded)
Okay, then.
The goblin shoots a stone.
The stone hits you.
* * * LOW HITPOINT WARNING * * *
The ogre hits you with a +0 giant club!
You die...

........ ... ...###
..# #...##### #.#
##......###.#######
...####.#.........#
###...............#
# #.#####.........#
###.# #.........#
.##.# #......O@(#
..#.# #.........#
....# #.......).#
..### #..gg######
.## #....# .%# ##
####.# g.# # #g#
..# #g##'# #(().#


You could see an ogre and 2 goblins.

Vanquished Creatures
  2 hounds (D:4)
  A worker ant (D:4)
  A hound skeleton (D:4)
  A gnoll (D:1)
  2 oozes (D:2)
  A leopard gecko (D:4)
  5 orcs (D:4)
  A giant cockroach (D:1)
  8 goblins
  3 hobgoblins
  3 jackals (D:2)
  6 kobolds
  A ball python (D:1)
  3 bats
  4 frilled lizards
  4 rats (D:1)
46 creatures vanquished.

Notes
Turn   | Place    | Note
-------+----------+-------------------------------------------
     0 | D:1      | nightchill the Ghoul Gladiator began the quest for the Orb.
     0 | D:1      | Reached XP level 1. HP: 17/17 MP: 0/0
   267 | D:1      | Reached XP level 2. HP: 25/25 MP: 1/1
   632 | D:1      | Reached skill level 4 in Unarmed Combat
   632 | D:1      | Reached XP level 3. HP: 24/30 MP: 2/2
  1215 | D:2      | You fall into a shaft and drop 2 floors!
  1247 | D:4      | Reached XP level 4. HP: 31/38 MP: 3/3
  1252 | D:4      | Reached skill level 5 in Unarmed Combat
  1382 | D:4      | Found an ornate altar of the Wu Jian Council.
  1520 | D:4      | Reached XP level 5. HP: 40/46 MP: 4/4
  1622 | D:4      | Noticed an ogre
  1648 | D:4      | Slain by an ogre

Levels and vault maps discovered:
D:1:      ncdulo_wetmaze, layout_basic
D:2:      layout_rooms, lemuel_crystal_altar, uniq_sigmund
D:4:      layout_rooms, lemuel_round_altar, kennysheep_donut,
          grunt_ministairs_2, kennysheep_decorative_pillar, minmay_ogre_servants

Skill      XL: |  1  2  3  4 |
---------------+-------------+-----
Unarmed Combat | 4 5 |  5.6
Fighting       | 3 |  3.8
Throwing       | |  1.7
Dodging        | |  2.6

Action                   |  1- 3 |  4- 6 || total
-------------------------+-------+-------++-------
Melee: Unarmed           |    77 |    48 ||   125
       Punch             |       |     1 ||     1
  Eat: Chunk             |     6 |       ||     6
Armor: Leather armour    |    16 |     1 ||    17
       Ring mail         |       |    11 ||    11
Dodge: Dodged            |    43 |    27 ||    70
